| TOP OF THE 1ST |
|
Texas (APP) Rangers batting - Pitching for Princeton Rays : RHP Jesus Espinosa
|
|
Pitching: RHP Jesus Espinosa
|
|
|
Batting: SHB Tim Rogers
|
0-0: Ground out 1-3 (Groundball, 34S, EV 68.1 MPH)
|
|
Batting: RHB Ryan Salas
|
0-0: Called Strike 0-1: Foul Ball, location: 2F 0-2: Ball 1-2: Ball 2-2: Foul Ball, location: 2F 2-2: Ball 3-2: SINGLE (Line Drive, 8LS, EV 91.2 MPH)
|
|
Batting: RHB Jerry Foster
|
0-0: SINGLE (Groundball, 6MD, EV 99.4 MPH) Ryan Salas to second
|
|
Batting: RHB Evan Fry
|
0-0: Ball 1-0: Swinging Strike 1-1: Fly out, F8 (Flyball, 8RD, EV 85.6 MPH)
|
|
Batting: RHB Robert Topete
|
0-0: Ball 1-0: Ball 2-0: Fly out, F6 (Line Drive, 6M, EV 76.2 MPH)
|
| Top of the 1st over - 0 runs, 2 hits, 0 errors, 2 left on base; Texas (APP) 0 - Princeton 0 |
| BOTTOM OF THE 1ST |
|
Princeton Rays batting - Pitching for Texas (APP) Rangers : RHP Rick Madden
|
|
Pitching: RHP Rick Madden
|
|
|
Batting: RHB Luis Jara
|
0-0: Fly out, F8 (Line Drive, 89M, EV 108.8 MPH)
|
|
Batting: SHB Omar Cervantes
|
0-0: Ball 1-0: Ball 2-0: Foul Ball, location: 2F 2-1: Reached on error, E5 (Groundball, 5, EV 92.5 MPH)
|
|
Batting: LHB Dave Northam
|
0-0: Ground out 1-3 (Groundball, 13, EV 64.4 MPH) Omar Cervantes to third
|
|
Batting: LHB Ian Cranton
|
0-0: Ball 1-0: Ground out 6-3 (Groundball, 6M, EV 80.0 MPH)
|
| Bottom of the 1st over - 0 runs, 0 hits, 1 error, 1 left on base; Texas (APP) 0 - Princeton 0 |
| TOP OF THE 2ND |
|
Texas (APP) Rangers batting - Pitching for Princeton Rays : RHP Jesus Espinosa
|
|
Batting: RHB Josh Shoemaker
|
0-0: Foul Ball, location: 2F 0-1: Foul Ball, location: 2F 0-2: Foul Ball, location: 2F 0-2: Ground out 6-3 (Groundball, 56, EV 85.0 MPH)
|
|
Batting: LHB Bobby Scott
|
0-0: Ball 1-0: Ball 2-0: Ground out 5-3 (Groundball, 56, EV 102.5 MPH)
|
|
Batting: RHB Pat Martin
|
0-0: Foul Ball, location: 2F 0-1: Ball 1-1: Fly out, F8 (Flyball, 8RM, EV 84.4 MPH)
|
| Top of the 2nd over - 0 runs, 0 hits, 0 errors, 0 left on base; Texas (APP) 0 - Princeton 0 |
| BOTTOM OF THE 2ND |
|
Princeton Rays batting - Pitching for Texas (APP) Rangers : RHP Rick Madden
|
|
Batting: RHB Sandoval Serzedelo
|
0-0: Ground out 4-3 (Groundball, 4M, EV 98.1 MPH)
|
|
Batting: RHB Tony Bonilla
|
0-0: Ball 1-0: Ball 2-0: Ball 3-0: Base on Balls
|
|
Batting: RHB Ben Saxton
|
0-0: Called Strike 0-1: Fly out, F4 (Popup, 4, EV 73.1 MPH)
|
|
Batting: RHB Gilbert Hoareau
|
0-0: Swinging Strike 0-1: Ball 1-1: Called Strike 1-2: Fly out, F8 (Flyball, 89M, EV 88.1 MPH)
|
| Bottom of the 2nd over - 0 runs, 0 hits, 0 errors, 1 left on base; Texas (APP) 0 - Princeton 0 |
| TOP OF THE 3RD |
|
Texas (APP) Rangers batting - Pitching for Princeton Rays : RHP Jesus Espinosa
|
|
Batting: SHB Tyler Romo
|
0-0: Called Strike 0-1: Ground out 6-3 (Groundball, 6, EV 82.5 MPH)
|
|
Batting: SHB Tim Rogers
|
0-0: SINGLE (Groundball, 56D, EV 105.6 MPH)
|
|
Batting: RHB Ryan Salas
|
0-0: Swinging Strike 0-1: Called Strike 0-2: Foul Ball, location: 2F 0-2: Ball 1-2: Foul Ball, location: 2F 1-2: Foul Ball, location: 2F 1-2: Foul Ball, location: 2F 1-2: SINGLE (Groundball, 6MD, EV 101.2 MPH) Tim Rogers to second
|
|
Batting: RHB Jerry Foster
|
0-0: Called Strike 0-1: SINGLE (Flyball, 6MD, EV 90.0 MPH) Tim Rogers to third Ryan Salas to second
|
|
Batting: RHB Evan Fry
|
0-0: Ball 1-0: Ball 2-0: Grounds into double play, 6-4-3 (Groundball, 6, EV 96.9 MPH)
|
| Top of the 3rd over - 0 runs, 3 hits, 0 errors, 2 left on base; Texas (APP) 0 - Princeton 0 |
| BOTTOM OF THE 3RD |
|
Princeton Rays batting - Pitching for Texas (APP) Rangers : RHP Rick Madden
|
|
Batting: RHB Willie Acevedo
|
0-0: Ball 1-0: Ball 2-0: Foul Ball, location: 2F 2-1: Swinging Strike 2-2: Ball 3-2: Ground out 6-3 (Groundball, 6, EV 105.0 MPH)
|
|
Batting: RHB Luis Jara
|
0-0: Called Strike 0-1: Foul Ball, location: 2F 0-2: Ball 1-2: Ball 2-2: Foul Ball, location: 2F 2-2: Foul Ball, location: 2F 2-2: Strikes out swinging
|
|
Batting: SHB Omar Cervantes
|
0-0: Called Strike 0-1: Foul Ball, location: 2F 0-2: Foul Ball, location: 2F 0-2: Ball 1-2: Ball 2-2: Fly out, F8 (Flyball, 78M, EV 91.2 MPH)
|
| Bottom of the 3rd over - 0 runs, 0 hits, 0 errors, 0 left on base; Texas (APP) 0 - Princeton 0 |
| TOP OF THE 4TH |
|
Texas (APP) Rangers batting - Pitching for Princeton Rays : RHP Jesus Espinosa
|
|
Batting: RHB Robert Topete
|
0-0: Called Strike 0-1: Called Strike 0-2: Foul Ball, location: 2F 0-2: Ball 1-2: Strikes out swinging
|
|
Batting: RHB Josh Shoemaker
|
0-0: Ball 1-0: Called Strike 1-1: Foul Ball, location: 2F 1-2: Ball 2-2: Foul Ball, location: 2F 2-2: Strikes out swinging
|
|
Batting: LHB Bobby Scott
|
0-0: Foul Ball, location: 2F 0-1: Ball 1-1: Ball 2-1: SINGLE (Line Drive, 34D, EV 95.6 MPH)
|
|
Batting: RHB Pat Martin
|
0-0: Ball 1-0: Fielders Choice at 2nd, 6-4 (Groundball, 6, EV 83.8 MPH)
|
| Top of the 4th over - 0 runs, 1 hit, 0 errors, 1 left on base; Texas (APP) 0 - Princeton 0 |
| BOTTOM OF THE 4TH |
|
Princeton Rays batting - Pitching for Texas (APP) Rangers : RHP Rick Madden
|
|
Batting: LHB Dave Northam
|
0-0: Called Strike 0-1: Ball 1-1: Ball 2-1: Foul Ball, location: 2F 2-2: Ground out 3-1 (Groundball, 34S, EV 75.6 MPH)
|
|
Batting: LHB Ian Cranton
|
0-0: Ball 1-0: Ball 2-0: Foul Ball, location: 2F 2-1: SINGLE (Groundball, 3D, EV 101.9 MPH)
|
|
Batting: RHB Sandoval Serzedelo
|
0-0: Fly out, F9 (Flyball, 9LMF, EV 88.1 MPH)
|
|
Batting: RHB Tony Bonilla
|
0-0: Called Strike 0-1: Swinging Strike 0-2: Ball 1-2: Strikes out swinging
|
| Bottom of the 4th over - 0 runs, 1 hit, 0 errors, 1 left on base; Texas (APP) 0 - Princeton 0 |
| TOP OF THE 5TH |
|
Texas (APP) Rangers batting - Pitching for Princeton Rays : RHP Jesus Espinosa
|
|
Batting: SHB Tyler Romo
|
0-0: Ball 1-0: Called Strike 1-1: Ground out 4-3 (Groundball, 4, EV 91.9 MPH)
|
|
Batting: SHB Tim Rogers
|
0-0: Ground out 4-3 (Groundball, 4, EV 83.1 MPH)
|
|
Batting: RHB Ryan Salas
|
0-0: Ball 1-0: Ball 2-0: Foul Ball, location: 2F 2-1: DOUBLE (Line Drive, 78D, EV 107.5 MPH)
|
|
Batting: RHB Jerry Foster
|
0-0: Intentional Walk
|
|
Batting: RHB Evan Fry
|
0-0: Ball 1-0: Fielders Choice at 2nd, 5-4 (Groundball, 5, EV 86.9 MPH)
|
| Top of the 5th over - 0 runs, 1 hit, 0 errors, 2 left on base; Texas (APP) 0 - Princeton 0 |
| BOTTOM OF THE 5TH |
|
Princeton Rays batting - Pitching for Texas (APP) Rangers : RHP Rick Madden
|
|
Batting: RHB Ben Saxton
|
0-0: Ball 1-0: Foul Ball, location: 2F 1-1: Fly out, F9 (Flyball, 9, EV 87.5 MPH)
|
|
Batting: RHB Gilbert Hoareau
|
0-0: Ball 1-0: Foul Ball, location: 2F 1-1: Foul Ball, location: 2F 1-2: Foul Ball, location: 2F 1-2: Ball 2-2: Ball 3-2: Strikes out swinging
|
|
Batting: RHB Willie Acevedo
|
0-0: Ball 1-0: Called Strike 1-1: Ball 2-1: Ball 3-1: Swinging Strike 3-2: Strikes out swinging
|
| Bottom of the 5th over - 0 runs, 0 hits, 0 errors, 0 left on base; Texas (APP) 0 - Princeton 0 |
| TOP OF THE 6TH |
|
Texas (APP) Rangers batting - Pitching for Princeton Rays : RHP Jesus Espinosa
|
|
Batting: RHB Robert Topete
|
0-0: Ball 1-0: Swinging Strike 1-1: Foul Ball, location: 2F 1-2: Foul Ball, location: 2F 1-2: Foul Ball, location: 2F 1-2: Ball 2-2: Foul Ball, location: 2F 2-2: Ball 3-2: Base on Balls
|
|
Batting: RHB Josh Shoemaker
|
0-0: DOUBLE (Line Drive, 78D, EV 104.4 MPH) Robert Topete to third
|
|
Batting: LHB Bobby Scott
|
0-0: Intentional Walk
|
|
Batting: RHB Pat Martin
|
0-0: Called Strike 0-1: Ball 1-1: Grounds into fielders choice 5-2 (Groundball, 5S, EV 70.0 MPH) Josh Shoemaker to third Bobby Scott to second
|
|
Batting: SHB Tyler Romo
|
0-0: Foul Ball, location: 2F 0-1: Ball Wild Pitch! Josh Shoemaker scores Bobby Scott to third Pat Martin to second 1-1: Swinging Strike 1-2: Foul Ball, location: 2F 1-2: Ball 2-2: Ground out 3-1 (Groundball, 3L, EV 80.0 MPH)
|
|
Batting: SHB Tim Rogers
|
0-0: Intentional Walk
|
|
Pitching: RHP Michito Higashi
|
|
|
Batting: RHB Ryan Salas
|
0-0: Ground out 4-3 (Groundball, 4, EV 87.5 MPH)
|
| Top of the 6th over - 1 run, 1 hit, 0 errors, 3 left on base; Texas (APP) 1 - Princeton 0 |
| BOTTOM OF THE 6TH |
|
Princeton Rays batting - Pitching for Texas (APP) Rangers : RHP Rick Madden
|
|
Pinch Hitting: LHB Jonathan Watt
|
0-0: Called Strike 0-1: Ball 1-1: Ball 2-1: Ball 3-1: Called Strike 3-2: Strikes out looking
|
|
Batting: SHB Omar Cervantes
|
0-0: Swinging Strike 0-1: Ball 1-1: Ball 2-1: Ground out 1-3 (Groundball, 34S, EV 67.5 MPH)
|
|
Batting: LHB Dave Northam
|
0-0: Called Strike 0-1: Ball 1-1: Foul Ball, location: 2F 1-2: Ball 2-2: Foul Ball, location: 2F 2-2: Foul Ball, location: 2F 2-2: Foul Ball, location: 2F 2-2: SOLO HOME RUN (Flyball, 89XD, EV 102.5 MPH), Distance : 410 ft
|
|
Pitching: RHP Jorge Burruel
|
|
|
Batting: LHB Ian Cranton
|
0-0: Called Strike 0-1: Called Strike 0-2: Ball 1-2: Ball 2-2: Foul Ball, location: 2F 2-2: Strikes out looking
|
| Bottom of the 6th over - 1 run, 1 hit, 0 errors, 0 left on base; Texas (APP) 1 - Princeton 1 |
| TOP OF THE 7TH |
|
Texas (APP) Rangers batting - Pitching for Princeton Rays : RHP Michito Higashi
|
|
Now at 2B: Jeff Standridge
|
|
|
Now at 3B: Willie Acevedo
|
|
|
Batting: RHB Jerry Foster
|
0-0: Called Strike 0-1: Ball 1-1: Ball 2-1: Called Strike 2-2: Foul Ball, location: 2F 2-2: Ball 3-2: Base on Balls
|
|
Batting: RHB Evan Fry
|
0-0: Ball 1-0: Swinging Strike 1-1: SINGLE (Groundball, 34D, EV 95.0 MPH) Jerry Foster to second Runner from 2nd tries for 3rd, SAFE, throw by RF made to third
|
|
Batting: RHB Robert Topete
|
0-0: Ball 1-0: Fly out, F9 (Flyball, 89M, EV 92.5 MPH) Runner from 3rd tags up, OUT at HOME! 9-2 Evan Fry to second
|
|
Batting: RHB Josh Shoemaker
|
0-0: Ball 1-0: Foul Ball, location: 2F 1-1: Foul Ball, location: 2F 1-2: Strikes out looking
|
| Top of the 7th over - 0 runs, 1 hit, 0 errors, 1 left on base; Texas (APP) 1 - Princeton 1 |
| BOTTOM OF THE 7TH |
|
Princeton Rays batting - Pitching for Texas (APP) Rangers : RHP Jorge Burruel
|
|
Batting: RHB Sandoval Serzedelo
|
0-0: DOUBLE (Line Drive, 89XD, EV 103.8 MPH)
|
|
Batting: RHB Tony Bonilla
|
0-0: Ball 1-0: Ball 2-0: Ball 3-0: Base on Balls
|
|
Pinch Hitting: RHB Toshikatsu Omori
|
0-0: Ball 1-0: Ball 2-0: Foul Ball, location: 2F 2-1: Foul Ball, location: 2F 2-2: Ball 3-2: Grounds into double play, 4-6-3 (Groundball, 34, EV 105.0 MPH) Sandoval Serzedelo to third
|
|
Pinch Hitting: SHB Dan Trainer
|
0-0: Ground out U3 (Groundball, 3, EV 100.6 MPH)
|
| Bottom of the 7th over - 0 runs, 1 hit, 0 errors, 1 left on base; Texas (APP) 1 - Princeton 1 |
| TOP OF THE 8TH |
|
Texas (APP) Rangers batting - Pitching for Princeton Rays : RHP Michito Higashi
|
|
Now at SS: Dan Trainer
|
|
|
Now in CF: Carlos Ruelas
|
|
|
Batting: LHB Bobby Scott
|
0-0: Ground out 6-3 (Groundball, 6, EV 105.0 MPH)
|
|
Batting: RHB Pat Martin
|
0-0: Called Strike 0-1: Ball 1-1: SINGLE (Line Drive, 78S, EV 98.8 MPH)
|
|
Batting: SHB Tyler Romo
|
0-0: Called Strike Pat Martin steals 2nd base 0-1: Foul Ball, location: 2F 0-2: Ball 1-2: Foul Ball, location: 2F 1-2: Foul Ball, location: 2F 1-2: Ball 2-2: Fly out, F7 (Line Drive, 7S, EV 91.9 MPH)
|
|
Batting: SHB Tim Rogers
|
0-0: Ball 1-0: Ground out 5-3 (Groundball, 5, EV 102.5 MPH)
|
| Top of the 8th over - 0 runs, 1 hit, 0 errors, 1 left on base; Texas (APP) 1 - Princeton 1 |
| BOTTOM OF THE 8TH |
|
Princeton Rays batting - Pitching for Texas (APP) Rangers : RHP Jorge Burruel
|
|
Batting: RHB Willie Acevedo
|
0-0: Ball 1-0: Foul Ball, location: 2F 1-1: Ball 2-1: Foul Ball, location: 2F 2-2: Ground out 5-3 (Groundball, 56, EV 80.6 MPH)
|
|
Batting: RHB Jeff Standridge
|
0-0: Called Strike 0-1: Ball 1-1: Called Strike 1-2: Strikes out swinging
|
|
Batting: SHB Omar Cervantes
|
0-0: Ball 1-0: Called Strike 1-1: Ball 2-1: Foul Ball, location: 2F 2-2: Foul Ball, location: 2F 2-2: Foul Ball, location: 2F 2-2: Strikes out swinging
|
| Bottom of the 8th over - 0 runs, 0 hits, 0 errors, 0 left on base; Texas (APP) 1 - Princeton 1 |
| TOP OF THE 9TH |
|
Texas (APP) Rangers batting - Pitching for Princeton Rays : RHP Michito Higashi
|
|
Batting: RHB Ryan Salas
|
0-0: Called Strike 0-1: Ball 1-1: Foul Ball, location: 2F 1-2: Ball 2-2: Ball 3-2: DOUBLE (Line Drive, 89D, EV 107.5 MPH)
|
|
Batting: RHB Jerry Foster
|
0-0: Intentional Walk
|
|
Batting: RHB Evan Fry
|
0-0: Foul Ball, location: 2F 0-1: Swinging Strike 0-2: Ball 1-2: Foul Ball, location: 2F 1-2: Foul Ball, location: 2F 1-2: Ground out 3-1 (Groundball, 3L, EV 111.2 MPH) Ryan Salas to third Jerry Foster to second
|
|
Pitching: RHP Matt Roberts
|
|
|
Batting: RHB Robert Topete
|
0-0: SINGLE (Groundball, 56, EV 110.0 MPH) Ryan Salas scores Jerry Foster to third Runner from 3rd tries for Home, SAFE, throw by LF to home
|
|
Batting: RHB Josh Shoemaker
|
Pickoff Throw to First - Out! 1-3 CS 0-0: Foul Ball, location: 2F 0-1: Ball 1-1: Ball 2-1: Ball 3-1: Fly out, F7 (Flyball, 7, EV 87.5 MPH)
|
| Top of the 9th over - 2 runs, 2 hits, 0 errors, 0 left on base; Texas (APP) 3 - Princeton 1 |
| BOTTOM OF THE 9TH |
|
Princeton Rays batting - Pitching for Texas (APP) Rangers : RHP Jorge Burruel
|
|
Pitching: RHP Tim Bemish
|
|
|
Batting: LHB Dave Northam
|
0-0: Called Strike 0-1: Called Strike 0-2: Foul Ball, location: 2F 0-2: Fly out, F7 (Flyball, 7, EV 83.1 MPH)
|
|
Batting: LHB Ian Cranton
|
0-0: Foul Ball, location: 2F 0-1: Ball 1-1: Ball 2-1: Foul Ball, location: 2F 2-2: Foul Ball, location: 2F 2-2: Strikes out looking
|
|
Batting: RHB Sandoval Serzedelo
|
0-0: Called Strike 0-1: Fly out, F8 (Flyball, 8LS, EV 85.6 MPH)
|
| Bottom of the 9th over - 0 runs, 0 hits, 0 errors, 0 left on base; Texas (APP) 3 - Princeton 1 |
|